[Event "Team 45 45 League T40"]
[Site "Internet Chess Club"]
[Date "2009.03.09"]
[Round "6"]
[White "JABalin"]
[Black "Notscorwood"]
[Result "0-1"]
[WhiteElo "1524"]
[BlackElo "1505"]
[Opening "King's Indian: 3.g3"]
[ECO "E60"]
[Time "15:30:54"]
[TimeControl "2700+45"]

1. d4 Nf6 2. c4 g6 3. g3 Bg7 4. Bg2 d6 5. Nf3 Nbd7 6. O-O c6 7. Nc3 Qc7 8. e4 e5
9. d5 O-O 10. b3 Nc5 11. Qc2 Bg4 12. h3 Bd7 13. Be3 Rad8 14. Rad1 Nh5 15. a3 f5
16. exf5 gxf5 17. Bc1 Qb6 18. b4 Ne4 19. Nxe4 fxe4 20. Qxe4 Nxg3 21. c5 Nxe4 22.
cxb6 axb6 23. Ng5 Nxg5 24. Bxg5 Bf6 25. Bh6 Rf7 26. Kh2 Bg7 27. Bg5 Rdf8 28. Kg1
c5 29. bxc5 bxc5 30. Rb1 b5 31. h4 Rb8 32. a4 b4 33. a5 Bb5 34. Rfd1 Ra7 35. Bf1
Bxf1 36. Kxf1 Rba8 37. h5 h6 38. Bh4 Rxa5 39. Be7 Bf8 40. Bh4 Kf7 41. Rd3 Ra3
42. Rdb3 Rxb3 43. Rxb3 Ra3 44. Rb1 Be7 45. Bg3 b3 46. Ke2 Bg5 47. Kd3 b2+ 48.
Kc2 Bc1 49. Bh4 Ra1 {White resigns} 0-1

[Event "Team 45 45 League T40"]
[Site "Internet Chess Club"]
[Date "2009.03.08"]
[Round "6"]
[White "carambola"]
[Black "dscvdchk"]
[Result "1-0"]
[WhiteElo "1158"]
[BlackElo "1577"]
[Opening "Scandinavian defense"]
[ECO "B01"]
[Time "18:00:14"]
[TimeControl "2700+45"]

1. e4 d5 2. exd5 Nf6 3. Nc3 Nxd5 4. Bc4 Nxc3 5. bxc3 Bf5 6. Qf3 Be6 7. Bxe6 fxe6
8. Qxb7 Nd7 9. Nf3 e5 10. d4 exd4 11. Nxd4 Nb6 12. Qc6+ Qd7 13. Qf3 e5 14. Nf5
Bc5 15. O-O O-O 16. Bb2 Rxf5 17. Qg3 Raf8 18. Rad1 Qe6 19. c4 e4 20. Qxc7 Bxf2+
21. Rxf2 Rxf2 22. Qxg7# {Black checkmated} 1-0

[Event "Team 45 45 League T40"]
[Site "Internet Chess Club"]
[Date "2009.03.09"]
[Round "6"]
[White "Kravier"]
[Black "GadsHill"]
[Result "1-0"]
[WhiteElo "1584"]
[BlackElo "1510"]
[Opening "Queen's bishop game"]
[ECO "D02"]
[Time "20:17:16"]
[TimeControl "2700+45"]

1. Nf3 d5 2. d4 Nf6 3. Bf4 e6 4. e3 c5 5. c4 Nc6 6. Nc3 Be7 7. Be2 O-O 8. O-O
Bd7 9. a3 a5 10. Nb5 Rc8 11. Qb3 Qb6 12. a4 Nb4 13. Rfd1 Rfd8 14. Rac1 Be8 15.
Be5 Ne4 16. Nd2 f5 17. Nxe4 fxe4 18. f3 Bg6 19. fxe4 Bxe4 20. Bf3 Bf5 21. dxc5
Bxc5 22. Bd4 dxc4 23. Rxc4 Bxd4 24. Nxd4 Nd5 25. Rxc8 Rxc8 26. Bxd5 Qxb3 27.
Bxb3 {Black resigns} 1-0

[Event "Team 45 45 League T40"]
[Site "Internet Chess Club"]
[Date "2009.03.09"]
[Round "6"]
[White "katabatico"]
[Black "kublai"]
[Result "0-1"]
[WhiteElo "1372"]
[BlackElo "1517"]
[Opening "French: advance, Paulsen attack"]
[ECO "C02"]
[Time "17:00:22"]
[TimeControl "2700+45"]

1. e4 e6 2. d4 d5 3. e5 c5 4. c3 Nc6 5. Nf3 Qb6 6. a3 c4 7. a4 a5 8. Be2 Nge7 9.
Nbd2 Ng6 10. g3 Be7 11. O-O O-O 12. b3 f6 13. bxc4 fxe5 14. Rb1 Qd8 15. dxe5
Ncxe5 16. Nxe5 Nxe5 17. cxd5 exd5 18. Qb3 Bh3 19. Re1 Bc5 20. Ne4 Bf5 21. Nxc5
Bxb1 22. Ne6 Qf6 23. Nxf8 Rxf8 24. Qxd5+ Kh8 25. f4 Nc6 26. Ba3 Rd8 27. Qb3 Bf5
28. Bb5 Bg6 29. Bxc6 Qxc6 30. Rd1 Rd3 31. Rxd3 Bxd3 32. Qf7 Bc4 33. Qf8+ Bg8 34.
Bb2 Qb6+ 35. Kg2 Qxb2+ 36. Kh3 Qxc3 37. Qb8 Qc6 38. Qa8 Qxa4 39. Qxb7 Qb4 40.
Qa8 a4 41. f5 a3 42. f6 gxf6 43. Qd8 Qc3 {White resigns} 0-1

[Event "Team 45 45 League T40"]
[Site "Internet Chess Club"]
[Date "2009.03.10"]
[Round "6"]
[White "SigmaSquared"]
[Black "sdcohle"]
[Result "1-0"]
[WhiteElo "1380"]
[BlackElo "1310"]
[Opening "Scotch game"]
[ECO "C45"]
[Time "22:00:06"]
[TimeControl "2700+45"]

1. e4 e5 2. Nf3 Nc6 3. d4 exd4 4. Nxd4 Qe7 5. Nc3 Nf6 6. Nxc6 dxc6 7. Bd3 Bf5 8.
Qe2 Be6 9. O-O O-O-O 10. Be3 Kb8 11. a4 Ng4 12. a5 Nxe3 13. Qxe3 a6 14. Ne2 Qc5
15. Qg3 Bc4 16. Rfc1 Bxd3 17. cxd3 Qd6 18. Qxd6 Bxd6 19. Rc4 Be5 20. d4 Bf6 21.
e5 Bg5 22. Ra3 Rd5 23. Nc3 Rd7 24. Rb3 Ka7 25. Ne4 Be7 26. Rd3 Rhd8 27. Ra4 Rd5
28. Nc3 Rxe5 29. dxe5 Rxd3 30. Kf1 Rd8 31. Ne4 Rd5 32. f4 h6 33. Ra1 f5 34. Nc3
Rd4 35. Ne2 Rb4 36. Rd1 Bc5 37. g3 g5 38. Rd7 gxf4 39. gxf4 Rxb2 40. Rf7 Ra2 41.
Rxf5 Rxa5 42. e6 Ra1+ 43. Kg2 Bd6 44. Rf7 b5 45. e7 Bxe7 46. Rxe7 Kb6 47. f5 Rd1
48. f6 Rd8 49. f7 Rf8 50. Nf4 b4 51. Ne6 Rxf7 52. Rxf7 b3 53. Rf2 a5 54. Rb2 a4
55. Nd4 c5 56. Nxb3 axb3 57. Rxb3+ Kc6 58. Kh3 c4 59. Rc3 Kb5 60. Kh4 Kb4 61.
Rc1 c5 62. Rb1+ Kc3 63. Kh5 Kc2 64. Rb5 c3 65. Rxc5 Kd2 66. Kxh6 c2 67. Rxc2+
Kxc2 68. h4 Kd3 69. Kg6 Ke4 70. h5 Ke5 71. h6 Ke6 72. h7 Ke7 73. h8=Q Ke6 74.
Qd4 Ke7 75. Qd5 Ke8 76. Kf6 Kf8 77. Qf7# {Black checkmated} 1-0

[Event "Team 45 45 League T40"]
[Site "Internet Chess Club"]
[Date "2009.03.06"]
[Round "6"]
[White "carolinaknight"]
[Black "simonson"]
[Result "1/2-1/2"]
[WhiteElo "1216"]
[BlackElo "1289"]
[Opening "Sicilian: Grand Prix attack"]
[ECO "B21"]
[Time "20:00:08"]
[TimeControl "2700+45"]

1. e4 c5 2. f4 d6 3. Nc3 e6 4. Bc4 Be7 5. d3 Nc6 6. Nf3 Nf6 7. O-O O-O 8. Bd2 a6
9. a3 b5 10. Bb3 Qb6 11. Be3 Ng4 12. Qe2 Nxe3 13. Qxe3 Bb7 14. Ne2 Qc7 15. Ng5
h6 16. Nf3 Bf6 17. e5 Be7 18. Ng3 d5 19. c3 Na5 20. Bc2 c4 21. d4 Bc6 22. Nh5
Be8 23. Nd2 Bh4 24. Qh3 Bd8 25. Qg4 g6 26. Nf6+ Bxf6 27. exf6 Bd7 28. Rf3 e5 29.
f5 e4 30. Rf4 g5 31. Rff1 Rae8 32. Qh5 Kh7 33. h4 gxh4 34. Qxh4 Rg8 35. Kf2 e3+
36. Kf3 exd2 37. Rh1 Qg3+ 38. Qxg3 Rxg3+ 39. Kxg3 Rg8+ 40. Kf2 Rg5 41. Rad1 Bxf5
42. Bxf5+ Rxf5+ 43. Ke2 Rxf6 44. Rxd2 Nb3 45. Rdd1 Re6+ 46. Kf3 Rf6+ 47. Kg3
Rg6+ 48. Kh2 Re6 49. Rhf1 Kg6 50. Rf2 Rf6 51. Rxf6+ Kxf6 52. Rf1+ Kg6 53. Rf2
Nc1 54. Kg3 Nd3 55. Re2 h5 {Game drawn by mutual agreement} 1/2-1/2

[Event "Team 45 45 League T40"]
[Site "Internet Chess Club"]
[Date "2009.03.08"]
[Round "6"]
[White "yemisco1"]
[Black "Zyme"]
[Result "1/2-1/2"]
[WhiteElo "1506"]
[BlackElo "1463"]
[Opening "King's Indian: East Indian defense"]
[ECO "A48"]
[Time "16:16:55"]
[TimeControl "2700+45"]

1. d4 Nf6 2. Nf3 g6 3. h3 Bg7 4. e3 O-O 5. Nc3 d6 6. Bc4 Nc6 7. a3 e5 8. dxe5
Nxe5 9. Nxe5 dxe5 10. Qxd8 Rxd8 11. O-O Bf5 12. Bb3 Rd7 13. f3 e4 14. g4 Bxg4
15. fxg4 Rad8 16. Nb5 a6 17. Nd4 Nd5 18. Bxd5 Rxd5 19. c4 Rc5 20. Rf4 Re8 21. b3
h5 22. Ra2 hxg4 23. hxg4 Bh6 24. Rf1 Rg5 25. Rg2 Rd8 26. b4 Bg7 27. Bb2 b6 28.
Rf4 Re8 29. Kf1 Rge5 30. Nc6 R5e6 31. b5 axb5 32. cxb5 Bh6 33. g5 Bg7 34. Bxg7
Kxg7 35. Rgg4 Ra8 36. Rxe4 Rxe4 37. Rxe4 Rxa3 38. Kf2 Rb3 39. Rb4 Rc3 40. Kf3 f6
41. gxf6+ Kxf6 42. Nd4 Rc1 43. Rb2 Rf1+ 44. Rf2 Re1 45. Ke4+ Ke7 46. Nc6+ Ke6
47. Rg2 Kf6 48. Nd4 Rc1 49. Rf2+ Ke7 50. Rc2 Rxc2 51. Nxc2 Kd6 52. Nd4 Kd7 53.
Ke5 Ke7 54. e4 g5 55. Ne6 g4 56. Ng5 g3 57. Nh3 g2 58. Ng1 Kd7 59. Kd4 c5+ 60.
bxc6+ Kxc6 61. e5 Kd7 62. Kd5 b5 63. e6+ Ke7 64. Nf3 b4 65. Kc4 Kxe6 66. Kxb4
Kd5 67. Kc3 Ke4 68. Ng1 Ke3 69. Kc2 Kf2 70. Nh3+ Kg3 71. Ng1 Kh2 72. Nf3+ Kh1
73. Kd2 g1=Q 74. Nxg1 {Game drawn because neither player has mating material}
1/2-1/2

[Event "Team 45 45 League T40"]
[Site "Internet Chess Club"]
[Date "2009.03.12"]
[Round "6"]
[White "AlPearson"]
[Black "nozmov"]
[Result "1-0"]
[WhiteElo "1427"]
[BlackElo "1405"]
[Opening "English opening"]
[ECO "A17"]
[Time "19:03:15"]
[TimeControl "2700+45"]

1. c4 Nf6 2. Nc3 e6 3. g3 d5 4. cxd5 Nxd5 5. Bg2 Be7 6. e3 O-O 7. d4 c5 8. Nxd5
exd5 9. dxc5 Qa5+ 10. Qd2 Qxd2+ 11. Bxd2 Rd8 12. Rc1 Nc6 13. Ne2 Bf6 14. Bc3
Bxc3+ 15. Nxc3 Be6 16. O-O d4 17. exd4 Rxd4 18. Rfd1 Rad8 19. a3 Bb3 20. Rxd4
Rxd4 21. Nb5 Rd2 22. Bxc6 bxc6 23. Nxa7 Rxb2 24. Nxc6 Ba4 25. Nb4 Kf8 26. c6 Ke8
27. c7 Bd7 28. c8=Q+ Bxc8 29. Rxc8+ Kd7 30. Rc2 Rb3 31. Ra2 Rb1+ 32. Kg2 f6 33.
Kf3 Kc7 34. Ke4 Re1+ 35. Kd5 Re5+ 36. Kc4 Re4+ 37. Kc3 Kb7 38. a4 Re8 39. a5
Rc8+ 40. Kd4 Rd8+ 41. Kc5 Re8 42. a6+ Ka8 43. Kc6 f5 44. Kd7 Rf8 45. a7 g5 46.
Nc6 f4 47. Rb2 Rf7+ 48. Ke6 Rb7 49. Rxb7 Kxb7 50. Kf5 fxg3 51. hxg3 h6 52. Kg4
Ka8 53. Kh5 g4 54. Kxg4 h5+ 55. Kxh5 Kb7 56. g4 Ka8 57. g5 Kb7 58. g6 {Black
resigns} 1-0

[Event "Team 45 45 League T40"]
[Site "Internet Chess Club"]
[Date "2009.03.08"]
[Round "6"]
[White "reverendjim"]
[Black "AtomicDog"]
[Result "0-1"]
[WhiteElo "1283"]
[BlackElo "1421"]
[Opening "Sicilian: Taimanov variation"]
[ECO "B46"]
[Time "10:01:29"]
[TimeControl "2700+45"]

1. e4 c5 2. Nf3 Nc6 3. d4 cxd4 4. Nxd4 e6 5. Nc3 a6 6. Nxc6 bxc6 7. e5 Be7 8.
Qg4 g6 9. Ne4 f5 10. exf6 Nxf6 11. Nxf6+ Bxf6 12. c4 Qa5+ 13. Bd2 Qe5+ 14. Be2
Qxb2 15. Rd1 O-O 16. O-O d5 17. cxd5 exd5 18. Qg3 Be5 19. f4 Bd6 20. Bh5 Bf5 21.
Bg4 Qxa2 22. Bxf5 Rxf5 23. Qe3 d4 24. Qe6+ Qxe6 {White resigns} 0-1

[Event "Team 45 45 League T40"]
[Site "Internet Chess Club"]
[Date "2009.03.08"]
[Round "6"]
[White "Traho"]
[Black "furrbrain"]
[Result "1-0"]
[WhiteElo "1288"]
[BlackElo "1188"]
[Opening "Réti opening"]
[ECO "A04"]
[Time "17:10:27"]
[TimeControl "2700+45"]

1. Nf3 e6 2. g3 d5 3. d3 c5 4. Bg2 Nc6 5. O-O Nf6 6. Re1 Be7 7. e4 dxe4 8. dxe4
Qxd1 9. Rxd1 e5 10. Nbd2 O-O 11. b3 Bg4 12. h3 Bh5 13. Bb2 Rad8 14. Re1 Bd6 15.
Nc4 Rfe8 16. Rad1 Bc7 17. Rxd8 Rxd8 18. Ncxe5 Nb4 19. g4 Bg6 20. Nxg6 hxg6 21.
Bxf6 gxf6 22. c4 Nd3 23. Rd1 Nf4 24. Rxd8+ Bxd8 25. Bf1 Bc7 26. Ne1 Kf8 27. Nd3
b6 28. Nxf4 Bxf4 29. Be2 g5 30. Kg2 Ke7 31. Kf3 Ke6 32. h4 gxh4 33. Kxf4 h3 34.
Kg3 Ke5 35. f3 h2 36. Kxh2 Kf4 37. Kh3 Ke3 38. f4 Kxe4 39. f5 Kf4 40. Kh4 a6 41.
Kh5 a5 42. Kh6 Ke5 43. Kg7 {Black resigns} 1-0

[Event "Team 45 45 League T40"]
[Site "Internet Chess Club"]
[Date "2009.03.15"]
[Round "6"]
[White "Stav"]
[Black "Fezzik"]
[Result "0-1"]
[WhiteElo "1795"]
[BlackElo "2027"]
[Opening "Queen's pawn game"]
[ECO "D00"]
[Time "16:00:55"]
[TimeControl "2700+45"]

1. d4 d5 2. e3 Bf5 3. f4 Nf6 4. Nf3 h6 5. Nbd2 Nbd7 6. Ne5 e6 7. Ndf3 Bd6 8. Bb5
c6 9. Be2 Qb6 10. O-O Rf8 11. c3 O-O-O 12. Qb3 Ne4 13. Nxd7 Rxd7 14. Qxb6 axb6
15. a4 Kc7 16. a5 b5 17. Bd2 Ra8 18. Rfc1 f6 19. Be1 g5 20. Nd2 gxf4 21. Nxe4
Bxe4 22. exf4 Bxf4 23. Rd1 Bc2 24. Rd2 Bxd2 25. Bxd2 Rh7 26. Bf4+ Kd7 27. Ra3 h5
28. b4 h4 29. Ra2 Be4 30. Bg4 Bf5 31. Bf3 Rg7 32. Kf2 Be4 33. Ke3 Bxf3 34. Kxf3
b6 35. g4 bxa5 36. bxa5 Ra6 37. Bd2 e5 38. h3 Ke6 39. Be1 Rga7 40. Bxh4 Rxa5 41.
Rxa5 Rxa5 42. dxe5 Kxe5 43. Bg3+ Ke6 44. h4 Ra3 45. Be1 b4 46. h5 b3 {White
resigns} 0-1

[Event "Team 45 45 League T40"]
[Site "Internet Chess Club"]
[Date "2009.03.07"]
[Round "6"]
[White "AronT"]
[Black "Harmonicus"]
[Result "1-0"]
[WhiteElo "1854"]
[BlackElo "1872"]
[Opening "Nimzo-Indian: three knights variation"]
[ECO "E21"]
[Time "07:05:48"]
[TimeControl "2700+45"]

1. d4 Nf6 2. c4 e6 3. Nc3 Bb4 4. Nf3 b6 5. Bg5 h6 6. Bh4 g5 7. Bg3 Ne4 8. Qc2
Bb7 9. a3 Bxc3+ 10. bxc3 Nxg3 11. hxg3 d6 12. e3 Nd7 13. Bd3 f5 14. e4 Qe7 15.
O-O-O d5 16. exf5 Qxa3+ 17. Kd2 dxc4 18. Bxc4 Bxf3 19. gxf3 exf5 20. Rhe1+ Kd8
21. Qxf5 Qb2+ 22. Kd3 c6 23. Re2 Qa3 24. Be6 Qd6 25. Bxd7 Rf8 26. Qe4 Qxd7 27.
Rh1 Kc7 28. Rxh6 Rae8 29. Qg4 Qxg4 30. fxg4 Rf3+ 31. Kd2 Rxe2+ 32. Kxe2 Rxc3 33.
Rg6 a5 34. Rxg5 a4 35. Rg7+ Kb8 36. Rh7 a3 37. Rh1 Rb3 38. g5 Rb2+ 39. Ke3 a2
40. Ra1 Rb5 41. Kf4 Ra5 42. g6 Kc7 43. g7 Ra8 44. Kf5 b5 45. Rxa2 Rd8 46. Kf6
Rd6+ 47. Kf7 Rd7+ 48. Kg6 Rxd4 49. g8=Q Rg4+ 50. Kf7 Rxg8 51. Kxg8 b4 52. Rb2 c5
53. g4 Kb6 54. g5 Kb5 55. g6 c4 56. g7 c3 57. Rc2 Kc4 58. Kh7 Kb3 59. Rxc3+ bxc3
60. g8=Q+ Kb2 61. Qb8+ Ka1 62. Qh8 Kb2 63. f4 Kb3 64. f5 c2 65. Qa1 {Black
resigns} 1-0

[Event "Team 45 45 League T40"]
[Site "Internet Chess Club"]
[Date "2009.03.08"]
[Round "6"]
[White "rubo"]
[Black "Thersites"]
[Result "1-0"]
[WhiteElo "1758"]
[BlackElo "1717"]
[Opening "Bird's opening"]
[ECO "A03"]
[Time "16:00:46"]
[TimeControl "2700+45"]

1. f4 d5 2. Nf3 Nf6 3. e3 g6 4. b3 Bg7 5. Bb2 c5 6. c4 e6 7. cxd5 exd5 8. Bb5+
Bd7 9. Qe2 O-O 10. O-O a6 11. Bxd7 Nbxd7 12. Ne5 Re8 13. d3 d4 14. exd4 cxd4 15.
Nd2 Nxe5 16. fxe5 Nd5 17. Bxd4 Nb4 18. Nf3 Qd7 19. a3 Nc6 20. Bb2 Nxe5 21. Nxe5
Bxe5 22. Bxe5 f6 23. Rxf6 Qe7 24. Re1 {Black resigns} 1-0

[Event "Team 45 45 League T40"]
[Site "Internet Chess Club"]
[Date "2009.03.07"]
[Round "6"]
[White "A-Ru"]
[Black "Paulkov"]
[Result "0-1"]
[WhiteElo "1750"]
[BlackElo "1857"]
[Opening "King's Indian: East Indian defense"]
[ECO "A48"]
[Time "12:13:26"]
[TimeControl "2700+45"]

1. d4 Nf6 2. Nf3 g6 3. Nc3 c5 4. dxc5 Bg7 5. e4 Qa5 6. Bf4 Nxe4 7. Be5 Nxc3 8.
Qd2 Bxe5 9. Nxe5 Qxc5 10. Qxc3 Qxc3+ 11. bxc3 Nc6 12. Nxc6 dxc6 13. Bd3 O-O 14.
Ke2 e5 15. Rhb1 b6 16. a4 Be6 17. c4 f5 18. f3 e4 19. fxe4 fxe4 20. Bxe4 Bxc4+
21. Bd3 Rae8+ 22. Kd1 Bxd3 23. cxd3 Rf1+ 24. Kd2 Rf2+ 25. Kc3 Rxg2 26. Re1 Rxe1
27. Rxe1 Kf7 28. Rf1+ Ke6 29. Re1+ Kd6 30. Re8 Rxh2 31. Ra8 g5 32. Rxa7 g4 33.
Rg7 h5 34. Rg6+ Kc7 35. Rg7+ Kb8 36. Rg6 Kb7 37. Rg7+ Ka6 38. Rg6 c5 39. Rg5 Rh3
40. Kd2 g3 41. Ke2 h4 42. Rg4 Rh2+ 43. Kf3 Ka5 44. Ke3 g2 45. Kf2 h3 46. Kg1
Rh1+ 47. Kf2 Rf1+ 48. Ke2 {White resigns} 0-1

[Event "Team 45 45 League T40"]
[Site "Internet Chess Club"]
[Date "2009.03.08"]
[Round "6"]
[White "AntonioMendonca"]
[Black "viking99"]
[Result "0-1"]
[WhiteElo "1746"]
[BlackElo "1839"]
[Opening "English, Kramnik-Shirov counterattack"]
[ECO "A21"]
[Time "17:12:58"]
[TimeControl "2700+45"]

1. c4 e5 2. Nc3 Bb4 3. g3 Bxc3 4. bxc3 f5 5. d4 e4 6. Qa4 Nf6 7. Ba3 Nc6 8. e3
Ne7 9. Ne2 O-O 10. Nf4 d6 11. Rb1 g5 12. Nh3 h6 13. Ng1 Ng6 14. Ne2 c6 15. Qb4
d5 16. c5 Ng4 17. Qb3 f4 18. h3 Nxf2 19. Kxf2 fxg3+ 20. Ke1 Qf6 21. Kd2 Qf2 22.
Rg1 Nh4 23. Bg2 Nxg2 24. Rgf1 Qxe3+ 25. Kc2 Qxe2+ 26. Kc1 Rxf1+ 27. Qd1 Rxd1#
{White checkmated} 0-1

[Event "Team 45 45 League T40"]
[Site "Internet Chess Club"]
[Date "2009.03.07"]
[Round "6"]
[White "Marichan"]
[Black "rayngrant"]
[Result "0-1"]
[WhiteElo "1803"]
[BlackElo "1579"]
[Opening "French: Winawer, advance variation"]
[ECO "C18"]
[Time "13:30:06"]
[TimeControl "2700+45"]

1. e4 e6 2. d4 d5 3. Nc3 Bb4 4. e5 c5 5. a3 Bxc3+ 6. bxc3 Nc6 7. Qg4 Nge7 8.
Qxg7 Rg8 9. Qxh7 cxd4 10. cxd4 Nxd4 11. Ne2 Ndc6 12. Bb2 Qc7 13. f4 Bd7 14. Qd3
Nf5 15. g3 Qb6 16. Bc3 O-O-O 17. Bh3 Nce7 18. Bxf5 Nxf5 19. Nd4 Kb8 20. Nxf5
exf5 21. Qd4 Qh6 22. Kd2 Qh3 23. Qf2 Bc6 24. Bd4 a6 25. Rab1 Rc8 26. Rb6 Ba4 27.
c3 Rc6 28. Rxc6 Bxc6 29. Qf1 Qg4 30. Qe2 Qh3 31. Rb1 Bb5 32. Qf2 Rc8 33. Rb2 Qg4
34. Qe1 Re8 35. Bg1 Qf3 36. Qe3 Qg2+ 37. Qf2 Qe4 38. Qa7+ Kc8 39. Rxb5 Qg2+ 40.
Ke1 Qe4+ 41. Kf2 Qc2+ 42. Kf1 Qd3+ 43. Kf2 Qxb5 44. Ke1 Qb1+ 45. Kd2 Qb2+ 46.
Kd3 Qb5+ 47. Kd2 Kc7 48. Qc5+ Qxc5 49. Bxc5 Kc6 50. Bd4 Kb5 51. Kc2 Kc4 52. h4
b5 53. h5 Re6 54. g4 fxg4 55. f5 Rh6 56. Kd2 Rxh5 57. e6 fxe6 58. fxe6 Rh6 59.
e7 Re6 60. Bf6 Kc5 61. Kd3 g3 62. Bd4+ Kd6 63. Bg1 Rxe7 64. Ba7 Rxa7 {White
resigns} 0-1

[Event "Team 45 45 League T40"]
[Site "Internet Chess Club"]
[Date "2009.03.08"]
[Round "6"]
[White "Rhel"]
[Black "Kingofknights"]
[Result "0-1"]
[WhiteElo "1584"]
[BlackElo "1762"]
[Opening "Benkö gambit half accepted"]
[ECO "A57"]
[Time "10:30:49"]
[TimeControl "2700+45"]

1. d4 Nf6 2. c4 c5 3. d5 b5 4. cxb5 a6 5. b6 d6 6. Nc3 Bb7 7. e4 Nbd7 8. Nf3 g6
9. a4 Qxb6 10. a5 Qc7 11. Bc4 Bg7 12. O-O Ng4 13. Be2 O-O 14. Nd2 Nh6 15. Nc4 f5
16. Bxh6 Bxh6 17. exf5 Rxf5 18. Bg4 Rff8 19. Bxd7 Qxd7 20. Nb6 Qf5 21. Nxa8 Bxa8
22. Rb1 Bg7 23. Qe1 Rf7 24. Qe2 Bb7 25. h3 Be5 26. Rfd1 Bc8 27. Ne4 Bd4 28. Rf1
Qxd5 29. Ng3 Bb7 {White resigns} 0-1

[Event "Team 45 45 League T40"]
[Site "Internet Chess Club"]
[Date "2009.03.06"]
[Round "6"]
[White "arconia"]
[Black "Check101"]
[Result "1-0"]
[WhiteElo "1393"]
[BlackElo "1236"]
[Opening "Petrov's defense"]
[ECO "C42"]
[Time "20:42:19"]
[TimeControl "2700+45"]

1. e4 e5 2. Nf3 Nf6 3. d3 Nc6 4. Be2 Bc5 5. O-O d5 6. Nc3 d4 7. Nb1 O-O 8. h3
Be6 9. Nh2 Qd7 10. f4 Bd6 11. f5 Bxf5 12. Rxf5 Ne7 13. Rg5 Ng6 14. Ng4 Nxg4 15.
Bxg4 Qe7 16. Bf5 Nf4 17. h4 Ne6 18. Bxh7+ Kxh7 19. Qh5+ Kg8 20. Rg3 Nf4 21. Qg4
g6 22. Nd2 Nh5 23. Qxh5 Rac8 24. Nf3 Rfe8 25. Bh6 {Black resigns} 1-0

[Event "Team 45 45 League T40"]
[Site "Internet Chess Club"]
[Date "2009.03.05"]
[Round "6"]
[White "Fourclub"]
[Black "kidcobra"]
[Result "0-1"]
[WhiteElo "1489"]
[BlackElo "1532"]
[Opening "Ruy Lopez: closed"]
[ECO "C90"]
[Time "15:02:38"]
[TimeControl "2700+45"]

1. e4 e5 2. Nf3 Nc6 3. Bb5 a6 4. Ba4 Nf6 5. O-O Be7 6. Re1 b5 7. Bb3 d6 8. c3
Bg4 9. d3 O-O 10. h3 Bh5 11. Bg5 Re8 12. Bxf6 Bxf6 13. Bd5 Qd7 14. Nbd2 Rac8 15.
b4 Rb8 16. a4 Ne7 17. axb5 Nxd5 18. exd5 axb5 19. Ne4 Be7 20. g4 Bg6 21. Ng3 Ra8
22. d4 exd4 23. Nxd4 Bf6 24. Rxa8 Rxa8 25. f4 h6 26. f5 Bh7 27. Qd3 Bxd4+ 28.
Qxd4 Re8 29. Rxe8+ Qxe8 30. Nh5 Qe1+ 31. Kg2 Qe2+ 32. Kg3 Qe1+ 33. Kf3 Qf1+ 34.
Kg3 Qe1+ 35. Kg2 f6 36. Nf4 Qc1 37. Ne6 Qc2+ 38. Kf3 Qh2 39. Nxc7 Qxh3+ 40. Kf4
Qh2+ 41. Ke3 Qg3+ 42. Ke2 Qg2+ 43. Kd1 Qf1+ 44. Kc2 Qe2+ 45. Kb3 Qe1 46. Nxb5
Qb1+ 47. Kc4 Qf1+ 48. Qd3 Qf4+ 49. Qd4 Qf1+ 50. Qd3 Qf4+ 51. Kb3 Qxg4 52. Nxd6
Qf4 53. b5 Qxd6 54. c4 Qd7 55. c5 Bxf5 56. Qd4 Be6 57. Kc4 Bf7 58. c6 Qc7 59. b6
Qxc6+ 60. Qc5 Qa4+ 61. Qb4 Qc2+ 62. Qc3 Qxc3+ 63. Kxc3 Bxd5 64. Kb4 h5 65. Kc5
Ba8 66. Kd6 h4 67. Kc7 h3 68. Kb8 Bc6 69. Kc7 h2 70. Kxc6 h1=Q+ 71. Kc7 Qb1 72.
b7 Qxb7+ 73. Kxb7 Kf7 74. Kc6 Ke6 75. Kc5 g5 76. Kd4 f5 77. Ke3 Ke5 78. Ke2 Ke4
79. Kf2 f4 80. Ke2 g4 81. Kf2 f3 82. Kg3 Ke3 83. Kxg4 f2 84. Kg3 f1=Q 85. Kh2
Qe1 86. Kg2 Qd1 87. Kh2 Kf3 88. Kh3 Qh1# {White checkmated} 0-1

[Event "Team 45 45 League T40"]
[Site "Internet Chess Club"]
[Date "2009.03.07"]
[Round "6"]
[White "xlxe5"]
[Black "theartist"]
[Result "1-0"]
[WhiteElo "1393"]
[BlackElo "1150"]
[Opening "Queen's pawn game"]
[ECO "D05"]
[Time "13:00:51"]
[TimeControl "2700+45"]

1. d4 Nf6 2. Nf3 e6 3. e3 d5 4. Bd3 Bd6 5. Qe2 O-O 6. Nbd2 c5 7. c3 cxd4 8. exd4
Nbd7 9. O-O h6 10. Ne5 a6 11. Ndf3 Re8 12. Bc2 Qc7 13. Bd2 b5 14. Rfe1 Nb6 15.
Rad1 Nc4 16. Bc1 Nd7 17. Nxd7 Bxd7 18. Ne5 Nxe5 19. dxe5 Bf8 20. Qd3 g6 21. Qg3
Kh7 22. Qf3 Kg7 23. Qf6+ Kg8 24. Qh4 Kh7 25. Rd3 Qc4 26. Rd4 Qc5 27. Re3 Qe7 28.
Qf4 Kg7 29. Rh3 g5 30. Qe3 f5 31. exf6+ Qxf6 32. Qd3 Qf5 33. Qd2 Qf6 34. Rg3 Be7
35. Rf4 Qe5 36. h4 Rf8 37. Rxf8 Kxf8 38. Rf3+ Kg7 39. hxg5 hxg5 40. Rg3 Kh6 41.
Qd3 Qf5 42. Rh3+ Kg6 43. Qd2 {Black resigns} 1-0

[Event "Team 45 45 League T40"]
[Site "Internet Chess Club"]
[Date "2009.03.06"]
[Round "6"]
[White "Xerses"]
[Black "bowwrestler"]
[Result "1-0"]
[WhiteElo "1349"]
[BlackElo "1033"]
[Opening "Scandinavian: Pytel-Wade variation"]
[ECO "B01"]
[Time "12:00:33"]
[TimeControl "2700+45"]

1. e4 d5 2. exd5 Qxd5 3. Nc3 Qd6 4. d4 Nf6 5. Nge2 a6 6. Bf4 Qb6 7. Rb1 Nc6 8.
g3 e6 9. Bg2 Bd6 10. O-O O-O 11. Re1 Bxf4 12. gxf4 Rd8 13. d5 Nb4 14. Qd2 exd5
15. Rbd1 c6 16. a3 Nxc2 17. Qxc2 Ng4 18. Ng3 d4 19. Na4 Qb5 20. Rxd4 Rxd4 21.
Re8# {Black checkmated} 1-0

[Event "Team 45 45 League T40"]
[Site "Internet Chess Club"]
[Date "2009.03.09"]
[Round "6"]
[White "JimGaming"]
[Black "Just-Jim"]
[Result "0-1"]
[WhiteElo "1300"]
[BlackElo "1384"]
[Opening "Bishop's opening: Ponziani gambit"]
[ECO "C24"]
[Time "14:08:37"]
[TimeControl "2700+45"]

1. e4 e5 2. Bc4 Nf6 3. d4 d5 4. Bb3 Nxe4 5. dxe5 Bc5 6. Be3 Bxe3 7. fxe3 Qh4+ 8.
g3 Nxg3 9. Nf3 Qh5 10. Bxd5 Nxh1 11. Nc3 O-O 12. Qe2 c6 13. Bb3 Bg4 14. O-O-O
Bxf3 15. Qf1 Bxd1 16. Nxd1 Rd8 17. c3 Na6 18. Qxh1 Nc5 19. Bc2 Qe2 20. b4 Rd2
21. bxc5 Rxc2+ 22. Kb1 Rd8 23. Nb2 Rxb2+ 24. Ka1 Rd1+ 25. Qxd1 Qxd1+ 26. Kxb2
Qd2+ 27. Kb3 Qxe3 28. a4 Qxc5 29. c4 a5 30. e6 fxe6 31. h4 Qb4+ 32. Kc2 Qxa4+
33. Kd3 Qb4 34. h5 a4 35. h6 gxh6 36. Kd4 a3 37. Ke5 a2 38. Kxe6 a1=Q 39. Kd7
Qxc4 40. Kc7 Qf7+ 41. Kb6 Qc3 42. Ka7 Qc5+ 43. Kb8 b5 44. Kc8 Qcf8# {White
checkmated} 0-1

[Event "Team 45 45 League T40"]
[Site "Internet Chess Club"]
[Date "2009.03.05"]
[Round "6"]
[White "stillday"]
[Black "chips"]
[Result "0-1"]
[WhiteElo "1156"]
[BlackElo "1241"]
[Opening "Queen's pawn: English defense"]
[ECO "A40"]
[Time "22:01:16"]
[TimeControl "2700+45"]

1. d4 b6 2. c4 Bb7 3. Nc3 d6 4. e4 Nf6 5. Bd3 Nc6 6. Nf3 Nb4 7. Bb1 c6 8. O-O g6
9. h3 Bg7 10. Be3 O-O 11. a3 Na6 12. b3 Nb8 13. Bc2 Nbd7 14. Qd2 e5 15. Rfe1
exd4 16. Bxd4 c5 17. Be3 Ne5 18. Nh2 Qd7 19. f4 Nc6 20. Kh1 Nh5 21. Qf2 Bxc3 22.
Rad1 Bxe1 23. Qxe1 Qc7 24. Qh4 Qd8 25. Qg4 Bc8 26. f5 Nf6 27. Qg5 Nh5 28. Qg4
Ne5 29. Qg5 Qxg5 30. Bxg5 f6 31. Bh6 Rd8 32. g4 Ng7 33. Rd2 g5 34. a4 Nf7 35.
Bxg7 Kxg7 36. Nf3 Bb7 37. h4 gxh4 38. g5 fxg5 39. Rg2 h6 40. Nh2 Re8 41. Rf2
Bxe4+ 42. Kg1 Bxc2 43. f6+ Kg6 44. Ng4 Re6 45. Rxc2 Kh5 46. Rg2 Rae8 47. Kh2 Re2
48. Nf2 R8e6 49. Kh3 Rxf6 50. Ng4 Rf3+ 51. Kh2 Rxg2+ 52. Kxg2 Kxg4 {White
resigns} 0-1